General information
- name: BNet
- type: Ladder team game (AT/RT)
- host: Battle.net
- saver: Mr.Pink.
map: Deadlock
- players: 8
- length: 43:35
- speed: Fast
- version: 1.26 W3XP
- replay type: Public
» download(243 KB)
Players
team 1 (winner)
topDolla (
yellow | 48 APM | 1568 actions | 32:35)
6 Archmage
3 Summon Water Elemental
2 Brilliance Aura
1 Mass Teleport
» actions
| Build / train | 122 | |
| Enter build submenu | 33 | |
| Enter hero's abilities submenu | 6 | |
| Give item / drop item | 2 | |
| Remove unit from queue | 2 | |
| Right click | 623 | |
| Select / deselect | 661 | |
| Use ability | 119 | |
1568 total
» units
| Peasant | 21 | |
| Footman | 11 | |
| Siege Engine | 4 | |
| Knight | 20 | |
| Razormane Medicine Man | 1 | |
57 total
» upgrades
| Masonry | 2 | |
| Plating | 3 | |
| Swords | 3 | |
| Backpack | 1 | |
| Lumber Harvesting | 1 | |
| Animal War Training | 1 | |
| Barrage | 1 | |
| Gunpowder | 3 | |
15 total
» buildings
| Altar of Kings | 1 | |
| Farm | 13 | |
| Barracks | 2 | |
| Lumber Mill | 1 | |
| Arcane Vault | 2 | |
| Scout Tower | 6 | |
| Arcane Tower | 4 | |
| Town Hall | 3 | |
| Guard Tower | 3 | |
| Keep | 1 | |
| Blacksmith | 1 | |
| Castle | 3 | |
| Workshop | 2 | |
42 total
» build order
00:10 Altar of Kings
00:14 Farm
01:01 Farm
01:42 Barracks
01:49 Lumber Mill
02:22 Farm
02:31 Arcane Vault
02:47 Scout Tower
02:50 Scout Tower
03:10 Farm
03:23 Arcane Tower
03:28 Arcane Tower
05:37 Town Hall
05:47 Scout Tower
05:49 Scout Tower
05:52 Scout Tower
06:35 Guard Tower
06:37 Arcane Tower
07:36 Keep
07:40 Blacksmith
07:50 Farm
09:07 Farm
09:51 Farm
09:57 Castle
09:58 Castle
10:00 Arcane Vault
10:18 Workshop
10:25 Workshop
10:29 Farm
10:48 Barracks
11:07 Scout Tower
11:28 Guard Tower
11:31 Arcane Tower
11:40 Guard Tower
11:43 Farm
11:52 Farm
13:47 Farm
14:59 Farm
18:40 Farm
29:44 Town Hall
31:17 Town Hall
» items
| Lesser Clarity Potion | 6 | |
| Scroll of Regeneration | 4 | |
| Scroll of Town Portal | 7 | |
| Ivory Tower | 4 | |
| Potion of Healing | 4 | |
| Potion of Mana | 3 | |
28 total
Mr.Pink. (
blue | 94 APM | 4098 actions | 43:35)
10 Archmage
3 Summon Water Elemental
3 Brilliance Aura
1 Mass Teleport
3 Blizzard
» actions
| Assign group hotkey | 45 | |
| Basic commands | 234 | |
| Build / train | 120 | |
| Enter build submenu | 54 | |
| Enter hero's abilities submenu | 10 | |
| Give item / drop item | 2 | |
| Remove unit from queue | 13 | |
| Right click | 1384 | |
| Select / deselect | 712 | |
| Select group hotkey | 1348 | |
| Use ability | 176 | |
4098 total
» units
| Peasant | 23 | |
| Footman | 7 | |
| Gryphon Rider | 7 | |
| Dragonhawk Rider | 16 | |
53 total
» upgrades
| Lumber Harvesting | 2 | |
| Masonry | 3 | |
| Swords | 3 | |
| Armor | 3 | |
| Animal War Training | 1 | |
| Cloud | 1 | |
| Storm Hammers | 1 | |
| Magic Sentry | 1 | |
15 total
» buildings
| Altar of Kings | 1 | |
| Barracks | 1 | |
| Farm | 15 | |
| Scout Tower | 19 | |
| Arcane Tower | 2 | |
| Keep | 1 | |
| Lumber Mill | 2 | |
| Town Hall | 4 | |
| Arcane Vault | 1 | |
| Castle | 1 | |
| Guard Tower | 8 | |
| Gryphon Aviary | 5 | |
| Blacksmith | 2 | |
| Arcane Sanctum | 1 | |
63 total
» build order
00:50 Altar of Kings
00:55 Barracks
01:00 Farm
01:05 Farm
01:06 Farm
01:41 Scout Tower
01:58 Farm
02:30 Arcane Tower
03:00 Farm
03:33 Keep
04:12 Lumber Mill
04:53 Town Hall
05:13 Farm
05:33 Arcane Vault
07:31 Castle
08:06 Scout Tower
08:06 Scout Tower
08:09 Scout Tower
08:11 Scout Tower
08:24 Farm
08:54 Guard Tower
09:21 Gryphon Aviary
09:21 Gryphon Aviary
09:32 Scout Tower
09:35 Farm
10:09 Guard Tower
10:40 Gryphon Aviary
11:08 Scout Tower
11:08 Scout Tower
11:08 Scout Tower
11:09 Scout Tower
11:12 Scout Tower
11:14 Scout Tower
11:15 Scout Tower
11:16 Scout Tower
11:40 Guard Tower
11:42 Guard Tower
11:43 Guard Tower
11:57 Guard Tower
12:26 Guard Tower
12:33 Blacksmith
12:36 Blacksmith
14:29 Scout Tower
14:31 Scout Tower
14:31 Scout Tower
14:32 Scout Tower
14:33 Scout Tower
15:05 Farm
15:05 Farm
15:08 Farm
15:08 Farm
15:10 Farm
15:10 Farm
15:12 Farm
17:17 Guard Tower
17:52 Guard Tower
18:52 Town Hall
26:25 Town Hall
26:56 Arcane Sanctum
26:59 Lumber Mill
29:59 Gryphon Aviary
30:01 Gryphon Aviary
33:13 Town Hall
» items
| Lesser Clarity Potion | 1 | |
| Ivory Tower | 4 | |
| Scroll of Regeneration | 6 | |
| Scroll of Town Portal | 3 | |
| Boots of Speed | 1 | |
| Potion of Healing | 2 | |
| Periapt of Vitality | 1 | |
| Dust of Appearance | 1 | |
| Potion of Lesser Invulnerability | 1 | |
20 total

»
robertw32221 (
green | 25 APM | 1093 actions | 43:34)
5 Archmage
2 Summon Water Elemental
3 Brilliance Aura
» actions
| Assign group hotkey | 1 | |
| Basic commands | 64 | |
| Build / train | 100 | |
| Enter build submenu | 19 | |
| Enter hero's abilities submenu | 5 | |
| Remove unit from queue | 4 | |
| Right click | 507 | |
| Select / deselect | 321 | |
| Select group hotkey | 9 | |
| Use ability | 63 | |
1093 total
» units
| Peasant | 17 | |
| Footman | 10 | |
| Siege Engine | 15 | |
| Flying Machine | 28 | |
70 total
» upgrades
| Lumber Harvesting | 2 | |
| Barrage | 1 | |
| Gunpowder | 1 | |
| Plating | 1 | |
| Flying Machine Bombs | 1 | |
6 total
» buildings
| Farm | 5 | |
| Altar of Kings | 2 | |
| Barracks | 1 | |
| Keep | 2 | |
| Lumber Mill | 1 | |
| Blacksmith | 1 | |
| Workshop | 2 | |
| Town Hall | 3 | |
| Castle | 2 | |
| Arcane Vault | 1 | |
| Scout Tower | 2 | |
| Arcane Tower | 2 | |
24 total
» build order
00:09 Farm
00:11 Altar of Kings
01:20 Barracks
01:24 Farm
01:27 Farm
02:17 Farm
04:18 Keep
04:22 Lumber Mill
05:45 Blacksmith
07:52 Workshop
07:58 Workshop
08:06 Town Hall
10:03 Castle
10:03 Castle
13:50 Arcane Vault
15:02 Farm
23:11 Altar of Kings
25:05 Town Hall
33:18 Keep
33:32 Scout Tower
34:02 Arcane Tower
34:04 Scout Tower
34:44 Arcane Tower
37:36 Town Hall
» items
| Scroll of Regeneration | 1 | |
| Scroll of Town Portal | 3 | |
| Boots of Speed | 1 | |
| Potion of Healing | 3 | |
8 total

»
during2012 (
purple | 36 APM | 657 actions | 18:21)
3 Mountain King
2 Storm Bolt
1 Bash
» actions
| Basic commands | 5 | |
| Build / train | 55 | |
| Enter build submenu | 22 | |
| Enter hero's abilities submenu | 3 | |
| Right click | 273 | |
| Select / deselect | 245 | |
| Use ability | 54 | |
657 total
» units
| Peasant | 14 | |
| Footman | 5 | |
| Rifleman | 2 | |
| Gryphon Rider | 11 | |
32 total
» upgrades
| Lumber Harvesting | 2 | |
| Storm Hammers | 1 | |
| Swords | 1 | |
| Armor | 1 | |
| Animal War Training | 1 | |
6 total
» buildings
| Barracks | 1 | |
| Altar of Kings | 1 | |
| Farm | 11 | |
| Lumber Mill | 2 | |
| Scout Tower | 7 | |
| Arcane Tower | 1 | |
| Arcane Vault | 1 | |
| Blacksmith | 1 | |
| Keep | 1 | |
| Guard Tower | 4 | |
| Town Hall | 1 | |
| Castle | 1 | |
| Gryphon Aviary | 2 | |
34 total
» build order
00:10 Barracks
00:15 Altar of Kings
00:21 Farm
00:48 Farm
01:07 Farm
01:29 Lumber Mill
01:40 Lumber Mill
01:46 Scout Tower
01:58 Farm
02:29 Arcane Tower
02:57 Arcane Vault
03:21 Blacksmith
04:04 Scout Tower
04:25 Keep
04:35 Guard Tower
05:42 Town Hall
05:56 Scout Tower
06:42 Guard Tower
06:52 Farm
07:09 Castle
08:39 Gryphon Aviary
09:01 Farm
09:03 Farm
09:31 Gryphon Aviary
09:49 Farm
12:06 Farm
12:09 Farm
15:05 Farm
15:07 Scout Tower
15:09 Scout Tower
15:14 Scout Tower
15:15 Scout Tower
16:15 Guard Tower
16:15 Guard Tower
» items
| Scroll of Regeneration | 4 | |
| Orb of Fire | 1 | |
| Potion of Healing | 1 | |
6 total
team 2 (loser)
C.e.LL.o. (
red | 31 APM | 898 actions | 28:49)
9 Blademaster
3 Mirror Image
3 Wind Walk
1 Bladestorm
2 Critical Strike
» actions
| Basic commands | 8 | |
| Build / train | 106 | |
| Enter build submenu | 27 | |
| Enter hero's abilities submenu | 9 | |
| Remove unit from queue | 2 | |
| Right click | 173 | |
| Select / deselect | 462 | |
| Use ability | 111 | |
898 total
» units
| Peon | 15 | |
| Grunt | 1 | |
| Troll Headhunter/Berserker | 3 | |
| Wind Rider | 17 | |
| Troll Batrider | 23 | |
| Troll Witch Doctor | 8 | |
| Shaman | 8 | |
| Raider | 1 | |
76 total
» upgrades
| Shaman Training | 2 | |
| Witch Doctor Training | 2 | |
| Armor | 2 | |
| Ranged Weapons | 3 | |
| Ensnare | 1 | |
| Pillage | 1 | |
| Melee Weapons | 1 | |
12 total
» buildings
| Orc Burrow | 11 | |
| Altar of Storms | 1 | |
| Barracks | 1 | |
| War Mill | 1 | |
| Voodoo Lounge | 1 | |
| Stronghold | 1 | |
| Great Hall | 1 | |
| Watch Tower | 4 | |
| Fortress | 1 | |
| Spirit Lodge | 2 | |
| Beastiary | 3 | |
27 total
» build order
00:26 Orc Burrow
00:43 Altar of Storms
00:58 Barracks
01:26 Orc Burrow
01:44 War Mill
02:14 Orc Burrow
03:29 Voodoo Lounge
04:45 Stronghold
05:20 Great Hall
05:27 Watch Tower
05:29 Watch Tower
05:57 Watch Tower
06:01 Watch Tower
07:07 Fortress
07:09 Spirit Lodge
07:12 Spirit Lodge
07:31 Beastiary
07:49 Beastiary
07:57 Orc Burrow
08:00 Orc Burrow
08:30 Orc Burrow
10:12 Beastiary
19:56 Orc Burrow
26:10 Orc Burrow
26:13 Orc Burrow
26:16 Orc Burrow
26:18 Orc Burrow
» items
| Orb of Lightning | 1 | |
| Scroll of Town Portal | 2 | |
| Tiny Great Hall | 1 | |
4 total

»
FrankMcDeez (
pink | 57 APM | 1737 actions | 30:17)
3 Blademaster
2 Wind Walk
1 Critical Strike
2 Shadow Hunter
1 Hex
1 Healing Wave
» actions
| Assign group hotkey | 41 | |
| Basic commands | 124 | |
| Build / train | 63 | |
| Enter build submenu | 12 | |
| Enter hero's abilities submenu | 5 | |
| Right click | 752 | |
| Select / deselect | 234 | |
| Select group hotkey | 399 | |
| Use ability | 107 | |
1737 total
» units
| Peon | 11 | |
| Grunt | 12 | |
| Raider | 3 | |
| Spirit Walker | 2 | |
| Kodo Beast | 1 | |
29 total
» upgrades
| Berserker Strength | 1 | |
| Ensnare | 1 | |
| Spirit Walker Training | 2 | |
| War Drums Damage Increase | 1 | |
| Reinforced Defenses | 1 | |
6 total
» buildings
| Altar of Storms | 1 | |
| Orc Burrow | 7 | |
| Barracks | 1 | |
| Voodoo Lounge | 1 | |
| Stronghold | 4 | |
| Beastiary | 1 | |
| Spirit Lodge | 1 | |
| War Mill | 1 | |
| Fortress | 3 | |
20 total
» build order
00:07 Altar of Storms
00:13 Orc Burrow
00:35 Barracks
01:27 Orc Burrow
01:52 Voodoo Lounge
02:48 Stronghold
02:49 Stronghold
02:49 Stronghold
04:04 Orc Burrow
05:12 Beastiary
05:14 Spirit Lodge
05:40 Orc Burrow
08:19 War Mill
08:28 Fortress
08:28 Fortress
08:28 Fortress
11:20 Orc Burrow
11:21 Orc Burrow
11:22 Orc Burrow
» items
| Healing Salve | 3 | |
| Lesser Clarity Potion | 4 | |
| Scroll of Speed | 1 | |
8 total
gas-in-indiana (
teal | 56 APM | 2421 actions | 43:34)
8 Shadow Hunter
3 Hex
3 Healing Wave
1 Big Bad Voodoo
1 Serpent Ward
» actions
| Assign group hotkey | 44 | |
| Basic commands | 57 | |
| Build / train | 91 | |
| Enter build submenu | 23 | |
| Enter hero's abilities submenu | 8 | |
| Give item / drop item | 1 | |
| Remove unit from queue | 2 | |
| Right click | 1022 | |
| Select / deselect | 261 | |
| Select group hotkey | 802 | |
| Use ability | 110 | |
2421 total
» units
| Peon | 23 | |
| Grunt | 3 | |
| Wind Rider | 8 | |
| Troll Batrider | 4 | |
| Demolisher | 4 | |
| Raider | 14 | |
56 total
» upgrades
| Ranged Weapons | 1 | |
| Armor | 1 | |
| Reinforced Defenses | 1 | |
| Envenomed Spears | 2 | |
| Burning Oil | 1 | |
| Liquid Fire | 1 | |
| Ensnare | 1 | |
8 total
» buildings
| Altar of Storms | 1 | |
| Orc Burrow | 8 | |
| Barracks | 2 | |
| Voodoo Lounge | 1 | |
| Stronghold | 1 | |
| Great Hall | 3 | |
| War Mill | 1 | |
| Beastiary | 3 | |
| Fortress | 1 | |
| Watch Tower | 21 | |
42 total
» build order
00:10 Altar of Storms
00:20 Orc Burrow
00:37 Barracks
01:22 Orc Burrow
02:04 Voodoo Lounge
02:56 Stronghold
04:24 Great Hall
05:26 War Mill
06:03 Great Hall
06:40 Beastiary
06:41 Beastiary
07:16 Orc Burrow
07:16 Orc Burrow
09:10 Fortress
10:00 Watch Tower
10:01 Watch Tower
10:02 Watch Tower
10:08 Watch Tower
10:45 Watch Tower
10:46 Watch Tower
10:47 Watch Tower
10:47 Watch Tower
10:52 Orc Burrow
14:09 Watch Tower
14:09 Watch Tower
14:10 Watch Tower
14:42 Watch Tower
14:42 Watch Tower
16:05 Watch Tower
16:06 Watch Tower
16:06 Watch Tower
16:08 Watch Tower
16:08 Watch Tower
16:08 Watch Tower
16:36 Beastiary
17:42 Barracks
19:44 Orc Burrow
19:44 Orc Burrow
20:35 Watch Tower
20:35 Watch Tower
25:25 Great Hall
26:15 Orc Burrow
» items
| Healing Salve | 3 | |
| Lesser Clarity Potion | 1 | |
| Potion of Mana | 1 | |
| Staff of Teleportation | 1 | |
| Potion of Lesser Invulnerability | 2 | |
| Scroll of Town Portal | 3 | |
| Scroll of Healing | 2 | |
| Potion of Invisibility | 1 | |
14 total
stuntin_101 (
orange | 27 APM | 882 actions | 33:15)
9 Shadow Hunter
3 Serpent Ward
3 Hex
1 Big Bad Voodoo
2 Healing Wave
» actions
| Assign group hotkey | 23 | |
| Basic commands | 21 | |
| Build / train | 104 | |
| Enter build submenu | 35 | |
| Enter hero's abilities submenu | 9 | |
| Right click | 276 | |
| Select / deselect | 274 | |
| Select group hotkey | 18 | |
| Use ability | 122 | |
882 total
» units
| Peon | 20 | |
| Grunt | 20 | |
| Raider | 11 | |
| Shaman | 3 | |
| Troll Batrider | 12 | |
| Wind Rider | 8 | |
74 total
» upgrades
| Berserker Strength | 1 | |
| Armor | 1 | |
| Melee Weapons | 1 | |
| Spiked Barricades | 2 | |
| Ensnare | 1 | |
| Shaman Training | 2 | |
| Reinforced Defenses | 1 | |
| Liquid Fire | 1 | |
10 total
» buildings
| Altar of Storms | 1 | |
| Orc Burrow | 14 | |
| Barracks | 1 | |
| War Mill | 1 | |
| Stronghold | 1 | |
| Voodoo Lounge | 1 | |
| Watch Tower | 8 | |
| Beastiary | 1 | |
| Fortress | 1 | |
| Spirit Lodge | 1 | |
| Great Hall | 1 | |
31 total
» build order
00:24 Altar of Storms
00:48 Orc Burrow
00:56 Barracks
02:00 Orc Burrow
02:06 Orc Burrow
02:17 War Mill
03:10 Orc Burrow
04:30 Orc Burrow
05:15 Stronghold
05:25 Voodoo Lounge
06:48 Watch Tower
08:20 Beastiary
08:44 Watch Tower
09:11 Fortress
09:32 Spirit Lodge
11:25 Great Hall
11:47 Orc Burrow
14:21 Watch Tower
15:05 Watch Tower
15:31 Watch Tower
15:41 Watch Tower
18:16 Watch Tower
18:19 Watch Tower
22:09 Orc Burrow
22:12 Orc Burrow
22:19 Orc Burrow
24:56 Orc Burrow
25:00 Orc Burrow
25:02 Orc Burrow
26:09 Orc Burrow
26:10 Orc Burrow
» items
| Potion of Mana | 3 | |
| Healing Salve | 1 | |
| Scroll of Town Portal | 2 | |
| Potion of Healing | 2 | |
8 total
Chat log
(00:16 / All) Mr.Pink.: I told the man there's critters in room #10 a
(00:22 / All) topDolla: hes a fag
(00:22 / All) Mr.Pink.: He seemed confused said NO COMPREDE
(00:33 / All) topDolla: he tried to touch my anus
(00:42 / All) topDolla: i said woah buddy dont go there
(00:57 / All) topDolla: but he didnt stop
(01:01 / All) gas-in-indiana: i just watched black swan movie was crazy
(01:07 / All) gas-in-indiana: instructor made the chick touch her self
(01:13 / All) FrankMcDeez: awee yee
(01:17 / All) topDolla: did she like?
(01:30 / All) gas-in-indiana: i liked
(01:35 / All) topDolla: u cum?
(01:40 / All) FrankMcDeez: who didnt
(01:55 / All) gas-in-indiana: my mom was next to me so that isnt possible
(02:09 / All) topDolla: yall heard of a little nigga named lil T?
(04:25 / Allies) topDolla: way to take my mine bro
(04:33 / Allies) Mr.Pink.: how is that yours
(04:49 / Allies) topDolla: look at the map
(04:51 / Allies) topDolla: its sectioned off
(04:52 / Allies) topDolla: take it
(05:01 / Allies) topDolla: thats greens
(05:08 / Allies) Mr.Pink.: What other mineam I suppose to take ?
(05:16 / Allies) Mr.Pink.: THAT IS CONTESTED
(05:18 / Allies) topDolla: technically
(05:20 / Allies) topDolla: lol
(05:27 / Allies) Mr.Pink.: And let pink kill it?
(05:29 / Allies) Mr.Pink.: easy?
(05:31 / Allies) topDolla: towers?
(05:47 / Allies) Mr.Pink.: That isn't your mine dude
(05:57 / Allies) Mr.Pink.: You could take either one
(06:03 / Allies) Mr.Pink.: why is that mine
(06:08 / Allies) Mr.Pink.: but that's [purples
(06:20 / Allies) during2012: well according to game theory blue what we did was worst for the team
(06:26 / Allies) during2012: but idc
(06:31 / Allies) topDolla: it goes counter clockwise from purple....
(06:46 / Allies) Mr.Pink.: since fuckign when
(08:25 / Allies) topDolla: but really blue
(08:31 / Allies) topDolla: it is obviously closer to my base
(08:36 / Allies) topDolla: im not complaining
(08:37 / Allies) Mr.Pink.: so what
(08:38 / Allies) topDolla: just saying
(08:40 / Allies) Mr.Pink.: I fast expanded
(08:48 / Allies) topDolla: as you were getting attacked...
(09:23 / Allies) Mr.Pink.: wood
(10:04 / Allies) during2012: spare wood/?
(12:14 / Allies) topDolla: tp
(12:30 / Allies) during2012: help
(12:48 / All) FrankMcDeez: you ragin?
(12:51 / All) FrankMcDeez: nigga be ragin
(12:59 / All) FrankMcDeez: he mad
(13:15 / All) FrankMcDeez: oh shit
(13:17 / All) FrankMcDeez: nigga raging
(13:36 / All) topDolla: wow blue 3k gold?
(13:40 / All) topDolla: worthless piece of shit
(14:07 / Allies) during2012: gj
(16:20 / Allies) during2012: hlep
(16:20 / Allies) during2012: help
(16:33 / Allies) topDolla: omw
(17:16 / Allies) topDolla: help blue
(17:33 / Allies) topDolla: wtf
(17:37 / Allies) topDolla: learn to play dumbass
(17:41 / Allies) Mr.Pink.: hang on
(17:47 / All) topDolla: blue is so noob lol
(17:50 / Allies) during2012: kill ward
(17:51 / Allies) during2012: wow
(18:11 / All) gas-in-indiana: shut up niga
(19:12 / Allies) topDolla: blue kill teal
(19:15 / Allies) topDolla: rope that nigger
(19:35 / Allies) Mr.Pink.: why
(20:22 / Allies) topDolla: now
(20:32 / Allies) topDolla: wait for it
(20:59 / Allies) topDolla: blue cmon
(21:01 / Allies) topDolla: we can win
(21:10 / Allies) topDolla: tp man
(21:14 / Allies) Mr.Pink.: why
(21:21 / Allies) topDolla: to kill orange
(21:35 / Allies) topDolla: you can own them
(21:55 / Allies) topDolla: now we attack
(21:57 / Allies) topDolla: together
(22:40 / Allies) topDolla: really blue?
(22:46 / Allies) topDolla: are you gonna sit there or win?
(23:01 / Allies) Mr.Pink.: I plan to hang out and do whatever
(23:20 / Allies) topDolla: blue lets attack
(23:22 / Allies) topDolla: we can own them
(23:25 / Allies) topDolla: hit teal
(23:42 / Allies) topDolla: fight
(24:00 / Allies) topDolla: blue
(24:18 / Allies) topDolla: KILL OJ
(24:43 / All) Mr.Pink.: Rock n roll is straight from HELL
(26:18 / Allies) topDolla: lol blue
(26:22 / Allies) topDolla: share control of ur units pls
(26:26 / Allies) topDolla: we can win right now
(27:14 / Allies) topDolla: attack them blue
(27:16 / Allies) topDolla: u can rape
(27:34 / Allies) topDolla: go ill teleport to u
(29:18 / Allies) robertw32221: yellow
(29:36 / Allies) topDolla: lets go blue
(30:21 / All) topDolla: GG
(31:52 / All) topDolla: lol rly blue
(31:55 / All) topDolla: ur such a kid
(31:57 / All) Mr.Pink.: y
(32:00 / All) gas-in-indiana: leave nigga
(32:08 / All) topDolla: tking me lol
(32:11 / All) topDolla: what a noob
(32:15 / All) gas-in-indiana: i tked pink
(32:16 / All) gas-in-indiana: fool
(32:18 / All) topDolla: he takes my mine at the start of the game
(32:18 / All) Mr.Pink.: You're mouthy
(32:22 / All) gas-in-indiana: its fair
(32:23 / All) Mr.Pink.: I don't tolerate sauciness
(32:24 / All) topDolla: and stocks up 3000g
(32:30 / All) topDolla: rofl such a fag
(32:31 / All) topDolla: pce
(33:17 / All) gas-in-indiana: just oj left
(33:18 / All) gas-in-indiana: nvm
(33:20 / All) Mr.Pink.: Lawls I have 98 food
(33:23 / All) Mr.Pink.: full upgardes
(33:28 / All) Mr.Pink.: What am I suppose to spend gold on
(33:38 / All) Mr.Pink.: Why do these retards think having lots of gold is bad for 4v4
(33:43 / All) Mr.Pink.: this ain't solo son
(33:48 / All) gas-in-indiana: i know
(33:56 / All) gas-in-indiana: pink was fairly pissed
(34:03 / All) gas-in-indiana: he treid to act like he didnt care
(34:10 / All) Mr.Pink.: You should see chat where they argue that it was "his" expo
(34:13 / All) Mr.Pink.: Mine is hte one by pink
(34:15 / All) gas-in-indiana: im shit talkign to him
(34:18 / All) gas-in-indiana: i have tos ee it
(34:27 / All) gas-in-indiana: pink was acting fairly cocky too
(34:33 / All) gas-in-indiana: a good read
(34:53 / All) gas-in-indiana: i wanted u to kill my wyverns
(35:02 / All) gas-in-indiana: cuz they were useless gainst tanks obviously
(35:16 / All) gas-in-indiana: i have no idea how oj got a lvl ten sh
(35:21 / All) gas-in-indiana: there wasnt even many battles
(36:48 / All) gas-in-indiana: yellow loses?
(36:53 / All) Mr.Pink.: yeah
(36:55 / All) Mr.Pink.: green is still ehre
(37:04 / All) gas-in-indiana: oh lawl
(37:26 / All) Mr.Pink.: trying to make siege tanks
(37:44 / All) gas-in-indiana: pink acts like he is a pro
(37:50 / All) Mr.Pink.: lozl
(38:04 / All) Mr.Pink.: I was typing it was why he was raping me fairly well
(38:09 / All) Mr.Pink.: Arguing about expos lozl
(38:22 / All) gas-in-indiana: i havent seen somebody rough you up in a while
(38:27 / All) Mr.Pink.: These guys are retarded yeah no I'm not gonna fast expand for contested expo near BM
(39:42 / All) gas-in-indiana: i told him u were kodos_forsaken and he acted like he would rape u
(41:20 / All) Mr.Pink.: You'll have a black and blue Christmas, if you don't shut your mouf
(41:23 / All) gas-in-indiana: he is raging pink
(43:04 / All) Mr.Pink.: I don't take dope
(43:05 / All) Mr.Pink.: Hell no
(43:07 / All) Mr.Pink.: pe
(43:16 / All) Mr.Pink.: And I don't give a darn about crack, crank or coke